 Dungeon Crawl Stone Soup version 0.25.1-2-g60ff931df9 (webtiles) character file.

Game seed: 5885724785197858122

66 Araneus the Cudgeler (level 3, -2/29 HPs)
             Began as a Mummy Fighter on Nov 13, 2020.
             Slain by a quokka (3 damage)
             ... on level 2 of the Dungeon.
             The game lasted 00:01:44 (999 turns).

Araneus the Cudgeler (Mummy Fighter)                 Turns: 999, Time: 00:01:44

Health: -2/29      AC:  6    Str: 20    XL:     3   Next: 96%
Magic:  3/3        EV:  7    Int:  7    God:
Gold:   65         SH:  8    Dex: 11    Spells: 2/2 levels left

rFire    . . .     SeeInvis .   a - +0 flail
rCold    . . .     Gourm    .   c - +0 kite shield
rNeg     + + +     Faith    .   b - +0 scale mail
rPois    ∞         Spirit   .   (no helmet)
rElec    .         Reflect  .   (no cloak)
rCorr    .         Harm     .   (no gloves)
MR       .....                  (no boots)
Stlth    ..........             (no amulet)
HPRegen  0.09/turn              e - ring of fire
MPRegen  0.08/turn              (no ring)

@: no status effects
A: no food or potions, fire vulnerability, cold resistance 1, negative energy
resistance 3, torment resistance, unbreathing
a: no special abilities


You were on level 2 of the Dungeon.
You were not hungry.

You visited 1 branch of the dungeon, and saw 2 of its levels.

You collected 65 gold pieces.

Inventory:

Hand Weapons
 a - a +0 flail (weapon)
Armour
 b - a +0 scale mail (worn)
 c - a +0 kite shield (worn)
Jewellery
 d - an uncursed amulet of magic regeneration {unknown}
 e - a ring of fire (left hand)
 f - an uncursed amulet of the acrobat
Scrolls
 g - a scroll of immolation {unknown}


   Skills:
 - Level 3.0 Fighting
 + Level 3.5 Maces & Flails
 - Level 2.4 Armour
 - Level 2.4 Shields


You had 2 spell levels left.
You didn't know any spells.
Your spell library was empty.

Dungeon Overview and Level Annotations

Branches:
Dungeon (2/15)

Altars:


Innate Abilities, Weirdness & Mutations

You do not eat or drink.
Your flesh is vulnerable to fire.
You are immune to poison.
Your flesh is cold resistant. (rC+)
You are immune to negative energy. (rN+++)
You are immune to unholy pain and torment.
You can survive without breathing.


Message History

* * * LOW HITPOINT WARNING * * *
The adder bites you but does no damage.
You miss the adder.
The adder is heavily wounded.
The adder bites you but does no damage. The adder bites you.
* * * LOW HITPOINT WARNING * * *
You feel more attuned to fire.
e - a ring of fire (left hand)
Your shield and scale mail prevent you from hitting the adder.
The adder is heavily wounded.
You block the adder's attack. The adder bites you but does no damage.
You closely miss the adder.
The adder is heavily wounded.
The adder bites you but does no damage. The adder barely misses you.
You hit the adder.
You kill the adder!
You sock the ball python!
You kill the ball python!
The quokka bites you.
You die...

#### ### #.. ...
######## ### ##.# #.##
.......# #.# #..# #...
.#####.# #.# #..##..#
.#####.# #.####..#..$#
.##....# #.@rK.....#
.##....# #.#####.#...#
.##....# ####.# #.##..#
.#####.#####.##.# ..#
#S.. .# #........#.#
#..# #.##
.######.####.##.# #...
... .##.###.####.##.#
#..# .##
...............>#####.#
#
..#.###.####......###.#


You could see a quokka and a kobold.

Vanquished Creatures
  4 adders (D:2)
  2 dart slugs (D:1)
  4 bats
  2 goblins (D:1)
  5 hobgoblins (D:1)
  3 kobolds
  A ball python (D:2)
  2 frilled lizards (D:1)
  5 rats (D:1)
28 creatures vanquished.

Notes
Turn   | Place    | Note
-------+----------+-------------------------------------------
     0 | D:1      | Araneus the Mummy Fighter began the quest for the Orb.
     0 | D:1      | Reached XP level 1. HP: 18/18 MP: 1/1
   151 | D:1      | Reached XP level 2. HP: 24/24 MP: 2/2
   854 | D:2      | Reached XP level 3. HP: 29/29 MP: 3/3
   994 | D:2      | HP: 1/29 [adder (4)]
   999 | D:2      | Slain by a quokka

Illustrated notes

Levels and vault maps discovered:
D:1:      onia_arrival_mini_maze, layout_basic, minmay_misc_feat_plants,
          due_unseen_surprise
D:2:      layout_basic, lemuel_round_altar, first_ration, minmay_nonomino_d4,
          uniq_robin

Skill      XL: |  1  2 |
---------------+-------+-----
Maces & Flails | 2 3 |  3.5
Fighting       | |  3.0
Armour         | |  2.4
Shields        | |  2.4

Action                   || total
-------------------------++-------
Melee: Flail             ||   113
Armor: Scale mail        ||    62
Dodge: Dodged            ||    44
Block: Kite shield       ||    52
